 Dungeon Crawl Stone Soup version 0.23-a0-32-g1388f29e54 (webtiles) character file.

149 Esekla the Vexing (level 5, -4/37 HPs)
             Began as a Formicid Enchanter on Aug 4, 2018.
             Was an Initiate of Gozag.
             Slain by a gnoll (7 damage)
             ... on level 4 of the Dungeon.
             The game lasted 00:30:56 (3585 turns).

Esekla the Vexing (Formicid Enchanter)              Turns: 3585, Time: 00:30:57

Health: -4/37      AC:  4    Str: 19    XL:     5   Next: 56%
Magic:  8/8        EV: 12    Int: 20    God:    Gozag
Gold:   192        SH:  0    Dex: 11    Spells: 2/9 levels left

rFire    + . .     SeeInvis +   a - +1 dagger
rCold    . . .     Gourm    .   (no shield)
rNeg     . . .     Faith    .   e - +0 robe (curse)
rPois    .         Spirit   .   (helmet unavailable)
rElec    .         Reflect  .   s - +1 cloak of the Wild Haggis {rF+ Int+4}
rCorr    .         Harm     .   (no gloves)
MR       .....                  (no boots)
Stlth    ++........             (no amulet)
HPRegen  0.12/turn              b - ring of wizardry
MPRegen  0.11/turn              i - +2 ring of strength

@: mighty, gold aura
A: permanent stasis, dig shafts and tunnels, four strong arms, antennae 3
a: Dig, Shaft Self, Potion Petition, Call Merchant, Bribe Branch, Renounce
Religion


You were on level 4 of the Dungeon.
You worshipped Gozag.
Gozag was aware of your devotion.
You were not hungry.

You visited 2 branches of the dungeon, and saw 5 of its levels.

You collected 264 gold pieces.
You paid 72 gold pieces to Gozag.

Inventory:

Hand Weapons
 a - a +1 dagger (weapon)
Missiles
 c - 129 stones (quivered)
Armour
 e - a cursed +0 robe (worn)
 s - the +1 cloak of the Wild Haggis (worn) {rF+ Int+4}
   (You found it on level 4 of the Dungeon)

   It affects your intelligence (+4).
   It protects you from fire.
Jewellery
 b - a ring of wizardry (left hand)
 i - a +2 ring of strength (right hand)
Scrolls
 g - 2 scrolls of enchant armour {unknown}
 l - 6 scrolls of remove curse
 q - 2 scrolls of fear {unknown}
 r - a scroll of enchant weapon {unknown}
 t - a scroll of blinking {unknown}
Potions
 h - a potion of curing {unknown}
 k - a potion of magic
 n - a potion of cancellation
 o - a potion of mutation {unknown}
 p - a potion of haste {unknown}
Comestibles
 d - 6 rations


   Skills:
 + Level 1.6 Fighting
 * Level 3.1 Short Blades
 + Level 2.6 Dodging
 - Level 4.0 Stealth
 + Level 2.5 Spellcasting
 + Level 4.1 Hexes


You had 2 spell levels left.
You knew the following spells:

 Your Spells              Type           Power        Failure   Level  Hunger
a - Corona                Hex            ###....      1%          1    None
b - Tukima's Dance        Hex            ###.....     3%          3    ###....
c - Confuse               Hex            ###.....     3%          3    ###....

Your spell library contained the following spells:

 Spells                   Type           Power        Failure   Level  Hunger
 Ensorcelled Hibernation  Hex/Ice        ##....       4%          2    ##.....
 Dazzling Spray           Conj/Hex       ##....       8%          3    ###....


Dungeon Overview and Level Annotations

Branches:
Dungeon (4/15)             Temple (1/1) D:4

Altars:
Cheibriados
Dithmenos
Elyvilon
Fedhas
Gozag
Kikubaaqudgha
Makhleb
Nemelex Xobeh
Qazlal
Ru
Trog
Uskayaw
Vehumet
Xom
Zin
The Shining One


Innate Abilities, Weirdness & Mutations

You cannot be hasted, slowed, berserked, paralysed or teleported.
You can dig through walls and to a lower floor.
Your four strong arms can wield two-handed weapons with a shield.
You have a pair of large antennae on your head. (SInv)


Message History

You feel very mighty all of a sudden. The gnoll hits you with a club.
* * * LOW HITPOINT WARNING * * *
You barely miss the gnoll.
The gnoll is almost dead.
The gnoll closely misses you.
You puncture the gnoll!
You kill the gnoll!
You puncture the gnoll!
You kill the gnoll!
Your Short Blades skill increases to level 3!
It was a potion of berserk rage.
Your stasis prevents you from going berserk.
The gnoll is distracted by the nearby gold.
You closely miss the gnoll.
The gnoll is no longer distracted by gold.
The gnoll shouts!
The gnoll hits you!
You die...
Your body crumbles into a pile of gold.

#.# #.# #<# #.# #.#
#.# #.# #.# #.# #.#
#.# ###.# #.# #.#
#.... #)# #.# #....
#$# ##.######...#
#.######............
#.g@........#...#...
#######.#...#.⌠.#...
#.#.###...###.
#.#...........
#....⌠..>..⌠..
#.............
#.#.###...###.
#.#...#.⌠.#...
#<#...#...#...


You could see a gnoll.

Vanquished Creatures
  2 gnolls (D:4)
  6 adders
  2 oozes
  3 dart slugs
  A worm (D:2)
  4 leopard geckos
  2 giant cockroaches
  6 goblins
  5 hobgoblins
  4 jackals
  2 kobolds
  6 bats
  6 frilled lizards
  10 rats
59 creatures vanquished.

Vanquished Creatures (others)
  A dancing weapon (D:4)
1 creature vanquished.

Grand Total: 60 creatures vanquished

Notes
Turn   | Place    | Note
-------+----------+-------------------------------------------
     0 | D:1      | Esekla the Formicid Enchanter began the quest for the Orb.
     0 | D:1      | Reached XP level 1. HP: 13/13 MP: 3/3
   191 | D:1      | Reached XP level 2. HP: 11/20 MP: 5/5
   360 | D:1      | Reached skill level 1 in Fighting
   421 | D:1      | Reached XP level 3. HP: 23/26 MP: 6/6
   427 | D:1      | Learned a level 3 spell: Tukima's Dance
  1193 | D:1      | Learned a level 3 spell: Confuse
  1216 | D:2      | Reached XP level 4. HP: 32/32 MP: 7/7
  2038 | D:4      | Found a staircase to the Ecumenical Temple.
  2073 | Temple   | Entered the Ecumenical Temple
  2222 | Temple   | Became a worshipper of Gozag Ym Sagoz the Greedy
  2554 | D:2      | Found a glowing golden altar of the Shining One.
  2556 | D:2      | Found a sacrificial altar of Ru.
  2556 | D:2      | Found a blossoming altar of Fedhas.
  2558 | D:2      | Found a shimmering altar of Xom.
  2558 | D:2      | Found a burning altar of Makhleb.
  2558 | D:2      | Found a glowing golden altar of the Shining One.
  2573 | D:2      | Reached XP level 5. HP: 17/37 MP: 8/8
  2783 | D:4      | Got a scorched cloak
  3056 | D:4      | Identified the +1 cloak of the Wild Haggis {rF+ Int+4} (You found it on level 4 of the Dungeon)
  3585 | D:4      | Slain by a gnoll

Vault maps used:
D:1:      dpeg_arrival_another_circle, skrybe_limestone_x
D:2:      serial_forest, infiniplex_forest_clump_curved,
          infiniplex_forest_lined_3, infiniplex_forest_end_1,
          infiniplex_forest_end_1, infiniplex_forest_lined_room_3,
          infiniplex_forest_straight_4, infiniplex_forest_lined_ring,
          infiniplex_forest_lined_3_way, doesnt_xom_only_xom
D:3:      first_ration
D:4:      minmay_temple_entry_junction_2, feat_on_display
Temple:   regret_index_temple_waves

Skill      XL: |  1  2  3  4  5 |
---------------+----------------+-----
Fighting       | 1 |  1.6
Stealth        | 4 |  4.0
Dodging        | 2 |  2.6
Hexes          | 4 |  4.1
Short Blades   | 2 3 |  3.1
Spellcasting   | |  2.5

Action                   |  1- 3 |  4- 6 || total
-------------------------+-------+-------++-------
Melee: Dagger            |    92 |   161 ||   253
Throw: Stone             |     8 |     6 ||    14
 Cast: Tukima's Dance    |       |     1 ||     1
       Corona            |       |     1 ||     1
  Use: Scroll            |     2 |     3 ||     5
       Potion            |       |     2 ||     2
 Stab: Sleeping          |     9 |    10 ||    19
  Eat: Ration            |     1 |     2 ||     3
Armor: Robe              |    21 |    13 ||    34
Dodge: Dodged            |    43 |    71 ||   114

Table legend:
 A = Spawn XP
 B = Non-spawn XP
 C = Spawn XP percentage of total XP
 D = Spawn monster count
 E = Non-spawn monster count
 F = Spawn count percentage of total count
 G = Total turns spent on level
                    A         B        C        D         E        F      G
               +---------+---------+-------+---------+---------+-------+---------
         Total |       0 |     213 |   0.0 |       0 |      59 |   0.0 |  3585
               +---------+---------+-------+---------+---------+-------+---------
           D:1 |       0 |      44 |   0.0 |       0 |      25 |   0.0 |   828
           D:2 |       0 |      67 |   0.0 |       0 |      15 |   0.0 |  1295
           D:3 |       0 |      40 |   0.0 |       0 |      11 |   0.0 |   412
           D:4 |       0 |      62 |   0.0 |       0 |       8 |   0.0 |   880
               +---------+---------+-------+---------+---------+-------+---------
